 Dungeon Crawl Stone Soup version 0.23.1-37-gaa34b87b72 (webtiles) character file.

Game seed: 2872240536483227507

470 Andrea the Chucker (level 7, -3/66 HPs)
             Began as an Ogre Hunter on Mar 20, 2019.
             Was a Follower of Okawaru.
             Slain by Duvessa
             ... wielding a +0 short sword of venom
              (5 damage)
             ... on level 4 of the Dungeon.
             The game lasted 00:09:08 (5026 turns).

Andrea the Chucker (Ogre Hunter)                    Turns: 5026, Time: 00:09:09

Health: -3/66      AC:  6    Str: 20 (22) XL:     7   Next: 9%
Magic:  7/7        EV: 10    Int: 10 (12) God:    Okawaru [*.....]
Gold:   170        SH:  0    Dex:  8 (11) Spells: 6/6 levels left

rFire    . . .     SeeInvis .   a - +0 flail
rCold    . . .     Gourm    .   (no shield)
rNeg     . . .     Faith    .   y - +0 robe
rPois    .         Spirit   .   (helmet restricted)
rElec    .         Reflect  .   B - +0 cloak
rCorr    .         Harm     .   (gloves unavailable)
MR       .....     Rnd*Rage +   (boots unavailable)
Stlth    +.........             (no amulet)
HPRegen  0.21/turn              (no ring)
MPRegen  0.10/turn              (no ring)

@: mighty, lethally poisoned (-3 -> -59)
A: large, unfitting armour, hooves 1, icy blue scales 1, berserk 1, tough skin 1
a: Heroism, Renounce Religion


You were on level 4 of the Dungeon.
You worshipped Okawaru.
Okawaru was aware of your devotion.
You were not hungry.

You visited 1 branch of the dungeon, and saw 4 of its levels.

You collected 170 gold pieces.

Inventory:

Hand Weapons
 a - a +0 flail (weapon)
 b - a +0 blowgun
Missiles
 c - 4 large rocks
 g - 45 poisoned needles
 i - 125 stones
 n - 2 throwing nets
 r - 4 javelins (quivered)
Armour
 t - a +2 large shield of reflection
 y - a +0 robe (worn)
 B - a +0 cloak (worn)
Jewellery
 F - an uncursed ring of protection from cold {unknown}
 G - an uncursed ring of poison resistance {unknown}
Scrolls
 d - 2 scrolls of remove curse {unknown}
 e - a scroll of identify
 l - 2 scrolls of fear {unknown}
 m - 2 scrolls of magic mapping {unknown}
 o - a scroll of enchant armour {unknown}
 p - 2 scrolls of teleportation {unknown}
 v - a scroll of immolation {unknown}
 w - a scroll of noise {unknown}
 D - a scroll of random uselessness {unknown}
Potions
 h - a potion of cancellation
 j - a potion of agility
 k - a potion of flight
 q - a potion of magic
 C - a potion of ambrosia {unknown}
Comestibles
 f - 6 rations
 s - 4 chunks of flesh


   Skills:
 - Level 2.6 Fighting
 * Level 5.2 Maces & Flails
 + Level 5.7 Throwing
 - Level 1.7 Dodging
 - Level 0.6 Stealth


You had 6 spell levels left.
You didn't know any spells.
Your spell library was empty.

Dungeon Overview and Level Annotations

Branches:
Dungeon (4/15)
 Temple: D:4-7

Altars:
Ashenzari
Okawaru

Annotations:
D:4 Duvessa


Innate Abilities, Weirdness & Mutations

You are too large for most types of armour.
You have tough skin. (AC +1)
You have large cloven feet.
You are partially covered in icy blue scales. (AC +2)
You tend to lose your temper in combat.


Message History

Duvessa hits you but does no damage.
It was a potion of might.
You feel very mighty all of a sudden.
* * * LOW HITPOINT WARNING * * *
You feel very sick.
Duvessa hits you with a +0 short sword of venom.
* * * LOW HITPOINT WARNING * * *
You are more poisoned.
Duvessa closely misses you.
It was a potion of heal wounds.
You feel much better.
* * * LOW HITPOINT WARNING * * *
You feel very sick.
Duvessa hits you with a +0 short sword of venom.
* * * LOW HITPOINT WARNING * * *
You completely miss Duvessa. You kick Duvessa.
Duvessa is heavily wounded.
* * * LOW HITPOINT WARNING * * *
You feel very sick.
Duvessa hits you with a +0 short sword of venom.
You die...

..........(......#
#.....##......###
#.##.....##.####.#
#.........<).....#
#........##.####.#
#...###..##.###...
#.. #.........#.
#...###.###.###.
.# #....@...##.#
#....e......#
#.........###
#..........#
....#(..#.#.#
####.(###....# #.#
#..## #. ..#


You could see Duvessa (berserk).

Vanquished Creatures
  Sigmund (D:3)
  Dowan (D:4)
  Crazy Yiuf (D:3)
  Terence (D:3)
  A centaur skeleton (D:3)
  A worker ant (D:4)
  4 gnolls (D:3)
  4 adders (D:3)
  2 oozes
  A worm (D:2)
  2 dart slugs
  A leopard gecko (D:2)
  3 orcs (D:3)
  8 bats
  6 goblins
  5 hobgoblins
  3 jackals
  2 quokkas
  4 frilled lizards (D:1)
  11 kobolds
  6 rats
68 creatures vanquished.

Notes
Turn   | Place    | Note
-------+----------+-------------------------------------------
     0 | D:1      | Andrea the Ogre Hunter began the quest for the Orb.
     0 | D:1      | Reached XP level 1. HP: 22/22 MP: 1/1
   438 | D:1      | Reached skill level 1 in Maces & Flails
   438 | D:1      | Reached XP level 2. HP: 22/29 MP: 2/2
   678 | D:1      | Found a shattered altar of Ashenzari.
  1284 | D:2      | Reached XP level 3. HP: 27/36 MP: 3/3
  2507 | D:3      | Found a runed translucent door.
  2508 | D:3      | Noticed Crazy Yiuf
  2581 | D:3      | Noticed Terence
  2586 | D:3      | Killed Terence
  2586 | D:3      | Reached XP level 4. HP: 25/44 MP: 4/4
  2762 | D:3      | Reached XP level 5. HP: 39/50 MP: 5/5
  3011 | D:3      | Reached skill level 5 in Throwing
  3041 | D:3      | Found an iron altar of Okawaru.
  3198 | D:3      | Became a worshipper of Warmaster Okawaru
  3310 | D:3      | Noticed Sigmund
  3330 | D:3      | Killed Sigmund
  3330 | D:3      | Reached XP level 6. HP: 24/59 MP: 6/6
  4030 | D:3      | Killed Crazy Yiuf
  4030 | D:3      | Reached * piety under Okawaru
  4130 | D:4      | Noticed Duvessa
  4253 | D:4      | Noticed Dowan
  4436 | D:4      | Reached skill level 5 in Maces & Flails
  4442 | D:4      | Gained mutation: You tend to lose your temper in combat.
                  | [potion of mutation]
  4442 | D:4      | Gained mutation: You are partially covered in icy blue
                  | scales. (AC +2) [potion of mutation]
  4442 | D:4      | Gained mutation: You have large cloven feet. [potion of
                  | mutation]
  4453 | D:4      | HP: 4/88 [poisoned by a worker ant]
  4458 | D:4      | HP: 4/88 [poisoned by a worker ant]
  4889 | D:4      | Killed Dowan
  4889 | D:4      | Reached XP level 7. HP: 66/66 MP: 7/7
  5024 | D:4      | HP: 2/66 [poisoned by Duvessa]
  5026 | D:4      | Slain by Duvessa

Skill      XL: |  1  2  3  4  5  6 |
---------------+-------------------+-----
Maces & Flails | 1 2 3 4 5 |  5.2
Throwing       | 5 |  5.7
Fighting       | |  2.6
Dodging        | |  1.7
Stealth        | |  0.6

Action                   |  1- 3 |  4- 6 |  7- 9 || total
-------------------------+-------+-------+-------++-------
Melee: Mace              |   126 |       |       ||   126
       Flail             |       |    70 |     6 ||    76
       Kick              |       |     1 |     2 ||     3
 Fire: Blowgun           |       |    15 |     3 ||    18
Throw: Stone             |    32 |       |       ||    32
       Javelin           |     4 |    16 |       ||    20
       Large rock        |       |     7 |       ||     7
       Throwing net      |       |     3 |       ||     3
  Use: Scroll            |     3 |     1 |       ||     4
       Potion            |     2 |     4 |     3 ||     9
 Stab: Sleeping          |     1 |     1 |       ||     2
       Held in net/web   |       |     2 |       ||     2
       Distracted        |       |     1 |       ||     1
  Eat: Chunk             |     3 |     3 |       ||     6
       Ration            |     1 |     1 |       ||     2
Armor: Robe              |    62 |    21 |     1 ||    84
Dodge: Dodged            |    88 |    51 |     4 ||   143
